 Dungeon Crawl Stone Soup version 0.24.0-13-gcf9b319 (webtiles) character file.

Game seed: 12835916585555727666, levelgen mode: deterministic

86 Fang the Skirmisher (level 4, -6/43 HPs)
             Began as a Gargoyle Berserker on Nov 21, 2019.
             Was a Believer of Trog.
             Mangled by an ogre
             ... wielding a +0 giant club
              (16 damage)
             ... on level 3 of the Dungeon.
             The game lasted 00:01:56 (1939 turns).

Fang the Skirmisher (Gargoyle Berserker)            Turns: 1939, Time: 00:01:56

Health: -6/43      AC:  5    Str: 26    XL:     4   Next: 49%
Magic:  4/4        EV:  9    Int:  8    God:    Trog [**....]
Gold:   98         SH:  7    Dex:  9    Spells: 3/3 levels left

rFire    . . .     SeeInvis .   a - +0 hand axe
rCold    . . .     Gourm    .   m - +0 shield
rNeg     + . .     Faith    .   b - +0 animal skin
rPois    ∞         Spirit   .   (no helmet)
rElec    +         Reflect  .   (no cloak)
rCorr    .         Harm     .   (no gloves)
MR       .....                  (no boots)
Stlth    ..........             (no amulet)
HPRegen  0.14/turn              (no ring)
MPRegen  0.09/turn              (no ring)

@: berserking, very quick
A: negative energy resistance 1, electricity resistance, unbreathing,
petrification resistance, rot immunity, AC +3
a: Berserk, Trog's Hand, Renounce Religion


You were on level 3 of the Dungeon.
You worshipped Trog.
Trog was pleased with you.
You were very hungry.

You visited 1 branch of the dungeon, and saw 3 of its levels.

You collected 98 gold pieces.

Inventory:

Hand Weapons
 a - a +0 hand axe (weapon)
Armour
 b - a +0 animal skin (worn)
 m - a +0 shield (worn)
Jewellery
 d - a cursed ring of attention {unknown}
 p - a cursed ring of attention {unknown}
Scrolls
 f - a scroll of fear {unknown}
 g - 5 scrolls of remove curse {unknown}
 i - 2 scrolls of teleportation {unknown}
 l - a scroll of amnesia {unknown}
 n - 2 scrolls of identify {unknown}
 o - a scroll of random uselessness {unknown}
 q - a scroll of magic mapping {unknown}
 r - a scroll of enchant armour {unknown}
Potions
 e - a potion of magic {unknown}
 h - a potion of mutation {unknown}
 j - a potion of invisibility {unknown}
 k - a potion of curing {unknown}
Comestibles
 c - 9 rations


   Skills:
 + Level 4.1 Fighting
 + Level 3.2 Axes
 + Level 3.0 Armour
 + Level 2.3 Dodging


You had 3 spell levels left.
You didn't know any spells.
Your spell library was empty.

Dungeon Overview and Level Annotations

Branches:
Dungeon (3/15)

Altars:
Kikubaaqudgha


Innate Abilities, Weirdness & Mutations

You are resistant to torment.
Your stone body is resilient. (AC +3)
You are immune to poison.
You resist negative energy. (rN+)
You are resistant to electric shocks. (rElec)
You can survive without breathing.
You are immune to petrification.
You are immune to rotting.


Message History

The orc hits you with a +0 mace.
The orc priest calls upon Beogh to heal the orc.
The orc's wounds heal themselves!
You closely miss the orc.
The orc priest calls down the wrath of Beogh upon you.
Beogh smites you!
Ouch! That really hurt!
* * * LOW HITPOINT WARNING * * *
The orc hits you with a +0 mace.
* * * LOW HITPOINT WARNING * * *
You are too injured to fight recklessly!
A red film seems to cover your vision as you go berserk!
You feel yourself moving faster!
You feel mighty!
You are feeling very hungry.
The ogre closely misses you.
You are too injured to fight recklessly!
You slash the ogre!
The ogre is heavily wounded.
You hit the orc. The ogre hits you with a +0 giant club!
You die...

...< .# #...
##.# # .###.#.
...##.. .....(.
..>...#
...#...#.......
# ...........#
#...#.g......#
#...o@.....#
#...oOo....#
#....oo....#
##...).......
#.........#.
#.###.....# #.
.....# ..
###...


You could see an ogre, 2 orc priests, 3 orcs and a goblin.

Vanquished Creatures
  Robin (D:2)
  An ooze (D:1)
  2 worms (D:2)
  A dart slug (D:1)
  2 giant cockroaches
  12 goblins
  5 hobgoblins
  11 jackals (D:1)
  6 kobolds
  A quokka (D:2)
  6 bats
  6 frilled lizards
  3 rats
57 creatures vanquished.

Notes
Turn   | Place    | Note
-------+----------+-------------------------------------------
     0 | D:1      | Fang the Gargoyle Berserker began the quest for the Orb.
     0 | D:1      | Reached XP level 1. HP: 14/14 MP: 1/1
    42 | D:1      | Reached XP level 2. HP: 17/19 MP: 2/2
   480 | D:1      | Reached XP level 3. HP: 23/23 MP: 3/3
   718 | D:1      | Reached ** piety under Trog
  1167 | D:2      | Found an ancient bone altar of Kikubaaqudgha.
  1264 | D:2      | Noticed Robin
  1273 | D:2      | Killed Robin
  1273 | D:2      | Reached skill level 4 in Fighting
  1273 | D:2      | Reached XP level 4. HP: 29/29 MP: 4/4
  1935 | D:3      | Noticed an ogre
  1939 | D:3      | Mangled by an ogre

Levels and vault maps discovered:
D:1:      dpeg_arrival_boxorama, layout_loops_corners, hex_tiny
D:2:      layout_loops_ring, old_standard_altar, uniq_robin
D:3:      layout_rooms, serial_co_window_serial, co_window_paths_b,
          co_window_paths_a, co_window_of_opportunity_a, co_window_paths_b,
          co_window_paths_a, co_window_corner_a, co_window_corner_b,
          co_window_broadway_b, co_window_broadway_a, co_window_corner_b,
          co_window_of_opportunity_c, co_window_broadway_c, glass_columns_c,
          glass_columns_c, glass_columns_a, okawaru_gym_becter

Skill      XL: |  1  2  3  4 |
---------------+-------------+-----
Dodging        | 2 |  2.3
Axes           | 3 |  3.2
Fighting       | 4 |  4.1
Armour         | 3 |  3.0

Action                   |  1- 3 |  4- 6 || total
-------------------------+-------+-------++-------
Melee: Hand axe          |   126 |    43 ||   169
Invok: Berserk           |     1 |     1 ||     2
 Stab: Sleeping          |     1 |       ||     1
  Eat: Chunk             |     1 |     3 ||     4
Armor: Animal skin       |    51 |    16 ||    67
Dodge: Dodged            |    97 |    18 ||   115
Block: Shield            |     5 |     8 ||    13
